[Event "Titled Tuesday Blitz July 13 2021"]
[White "FGHSMN"]
[Black "Yeletsky, Ivan"]
[BlackFideId "24180327"]
[WhiteElo "2531"]
[BlackElo "2344"]
[Result "0-1"]
[Round "11"]
[TimeControl "180+1"]
[Date "2021.07.13"]
[WhiteClock "0:00:01"]
[BlackClock "0:00:07"]

1. e4 e6 2. d4 d5 3. Nc3 Bb4 4. e5 c5 5. a3 Bxc3+ 6. bxc3 Nc6 7. Qg4 g6 8. Bd3 Bd7 9. Nf3 Qa5 10. Bd2 Qa4 11. Ra2 c4 12. Be2 h6 13. O-O Nge7 14. h4 O-O-O 15. Rb1 b6 16. g3 Nf5 17. Kg2 Rdg8 18. Qf4 Nce7 19. Qg4 Kc7 20. Rb4 Qc6 21. a4 a5 22. Rb1 Kb7 23. Bc1 Ka7 24. Raa1 Nc8 25. Bd1 Qc7 26. Ba3 Qd8 27. Nd2 Bc6 28. Bf3 g5 29. h5 Nh4+ 30. Kh2 Nxf3+ 31. Qxf3 Rh7 32. Qf6 Qxf6 33. exf6 g4 34. Nf1 Rg5 35. Ne3 Rxh5+ 36. Kg2 Rg5 37. Bf8 Rg6 38. Bg7 Nd6 39. Rb2 Ne4 40. Rab1 Nxc3 41. Rxb6 Nxb1 42. Rxc6 Rgxg7 43. fxg7 Rxg7 44. Rc5 Ka6 45. Nd1 Rg8 46. Rc7 Rf8 47. Kf1 Nd2+ 48. Ke2 Ne4 49. Ke3 Kb6 50. Re7 h5 51. Kf4 Ka6 52. Rd7 Rb8 53. Rxf7 Rb4 54. Re7 Rxa4 55. Rxe6+ Kb5 56. Ne3 Nc3 57. Re5 Kc6 58. Rxh5 Ra1 59. Rh6+ Kb5 60. Ke5 Re1 61. Rh8 Re2 62. Rb8+ Ka4 63. Kd6 Rxf2 64. Kc5 Rf3 65. Nxd5 Nxd5 66. Kxd5 Rc3 67. Kc5 Rxc2 68. d5 c3 69. d6 Rd2 70. Rc8 Kb3 71. Kb5 a4 72. Rc6 a3 0-1


[Site "https://www.chess.com"]

[Event "Titled Tuesday Blitz July 13 2021"]
[White "Filippova, Margarita"]
[Black "Florescu, Codrut-Constantin"]
[WhiteFideId "34199680"]
[BlackFideId "1202200"]
[WhiteElo "1829"]
[BlackElo "2243"]
[Result "0-1"]
[Round "11"]
[TimeControl "180+1"]
[Date "2021.07.13"]
[WhiteClock "0:00:48"]
[BlackClock "0:00:30"]

1. Nf3 d5 2. d4 e6 3. c4 Nf6 4. Nc3 Be7 5. e3 O-O 6. Bd3 dxc4 7. Bxc4 a6 8. a4 b6 9. O-O Bb7 10. Bd3 Bb4 11. Qe2 Nbd7 12. Rd1 Qe7 13. e4 e5 14. Bg5 Rfe8 15. Rac1 Rac8 16. dxe5 Nxe5 17. Nxe5 Qxe5 18. f4 Qd4+ 19. Kh1 Bxc3 20. bxc3 Qxa4 21. Bxf6 gxf6 22. Qg4+ Kh8 23. Qf5 Qc6 24. Rg1 Rg8 25. Rcf1 Rg6 26. Rf3 Rcg8 27. Rh3 Bc8 28. Qh5 Bxh3 29. Qxh3 Qd6 30. e5 fxe5 31. Bxg6 fxg6 32. fxe5 Qxe5 33. Qd3 a5 34. h3 Rf8 35. Rd1 Kg7 36. Qd7+ Rf7 37. Qd3 a4 38. Qc4 b5 39. Qb4 c6 40. c4 Qe2 41. Re1 Rf1+ 42. Rxf1 Qxf1+ 43. Kh2 Qf4+ 44. Kh1 Qc1+ 45. Kh2 Qxc4 46. Qe7+ Kh6 47. Qe3+ g5 0-1


[Site "https://www.chess.com"]

[Event "Titled Tuesday Blitz July 13 2021"]
[White "Gabdushev, Ruslan"]
[Black "Musovic, Armin"]
[WhiteFideId "4137833"]
[BlackFideId "939935"]
[WhiteElo "2312"]
[BlackElo "2250"]
[Result "0-1"]
[Round "11"]
[TimeControl "180+1"]
[Date "2021.07.13"]
[WhiteClock "0:00:04"]
[BlackClock "0:00:27"]

1. b3 Nf6 2. Bb2 d5 3. e3 Bg4 4. Be2 Bxe2 5. Qxe2 a6 6. f4 g6 7. Nf3 Bg7 8. O-O O-O 9. d3 Re8 10. Nbd2 c5 11. Ne5 Nc6 12. Nxc6 bxc6 13. Nf3 Rb8 14. Be5 Rb7 15. Qd2 Nd7 16. Bxg7 Kxg7 17. Qc3+ Kg8 18. Ne5 Qc7 19. Nxd7 Qxd7 20. Qxc5 e5 21. fxe5 Rxe5 22. Rf6 Rb5 23. Qd4 Qe7 24. Raf1 c5 25. Qf4 Rb4 26. Qf2 Rb7 27. Qf3 Kg7 28. Rxa6 c4 29. dxc4 dxc4 30. Re1 Rf5 31. Qe2 cxb3 32. axb3 Rd7 33. h3 Qb4 34. Ra4 Qc5 35. Rc4 Qb6 36. Kh1 Re7 37. e4 Rf2 38. Qe3 Qf6 39. Kh2 h5 40. e5 Qf5 41. c3 Qc2 42. Rg1 Qf5 43. b4 Rxe5 44. Qd4 Kh7 45. Rc7 Ree2 46. Rd7 Rd2 47. Qxd2 Rxd2 48. Rxd2 Qf4+ 49. Kh1 Qxd2 50. b5 Qxc3 51. Rb1 Qd3 52. Rb2 Qf1+ 53. Kh2 Qf4+ 54. Kh1 Qc1+ 0-1


[Site "https://www.chess.com"]

[Event "Titled Tuesday Blitz July 13 2021"]
[White "Gaboyan, Susanna"]
[Black "Ljukin, Sergei"]
[WhiteFideId "13303627"]
[BlackFideId "14102200"]
[WhiteElo "2135"]
[BlackElo "2309"]
[Result "1-0"]
[Round "11"]
[TimeControl "180+1"]
[Date "2021.07.13"]
[WhiteClock "0:00:09"]
[BlackClock "0:00:36"]

1. Nf3 d5 2. g3 Nc6 3. Bg2 e5 4. d3 Bg4 5. O-O Qd7 6. Nc3 O-O-O 7. a4 Bh3 8. Bxh3 Qxh3 9. Ng5 Qd7 10. e4 d4 11. Nd5 f6 12. Nf3 Nge7 13. Nxe7+ Bxe7 14. a5 a6 15. Bd2 g5 16. b4 Bxb4 17. Bxb4 Nxb4 18. Rb1 c5 19. Nd2 h5 20. Nc4 Kb8 21. Qf3 Qe6 22. Nb6 h4 23. Nd5 Rh6 24. Nxb4 cxb4 25. Rxb4 Rdh8 26. Rfb1 R8h7 27. g4 h3 28. Qf5 Qxf5 29. exf5 Rc7 30. f3 Rhh7 31. Rb6 Rhf7 32. R6b2 Rc6 33. Rb6 Rfc7 34. R1b2 Rxb6 35. Rxb6 Rc6 36. Rxc6 bxc6 37. Kf2 Kc7 38. Kg3 Kd6 39. Kxh3 Ke7 40. Kg3 Kf7 41. h4 Kg7 42. h5 Kh6 43. Kf2 Kg7 44. Ke2 Kf7 45. Kd2 Ke7 46. Kc1 c5 47. Kb2 c4 48. dxc4 e4 49. fxe4 Kd6 50. h6 Ke5 51. h7 Kxe4 52. h8=Q Kf4 53. Qxf6 Kxg4 54. Qxd4+ Kxf5 55. c5 g4 56. c6 g3 57. c7 g2 58. c8=Q+ Kg5 59. Qg8+ Kh5 60. Qxg2 Kh6 61. Qh4# 1-0


[Site "https://www.chess.com"]

[Event "Titled Tuesday Blitz July 13 2021"]
[White "Ghazarian, Kirk"]
[Black "Tsotsonava, Elene"]
[WhiteFideId "30908604"]
[BlackFideId "13615939"]
[WhiteElo "2003"]
[BlackElo "1847"]
[Result "1-0"]
[Round "11"]
[TimeControl "180+1"]
[Date "2021.07.13"]
[WhiteClock "0:00:42"]
[BlackClock "0:00:02"]

1. e4 c5 2. Nc3 Nc6 3. b3 Nf6 4. Bb2 e6 5. Bb5 d5 6. exd5 exd5 7. Nf3 Bd6 8. O-O O-O 9. Bxc6 bxc6 10. h3 Be6 11. Na4 Re8 12. Re1 h6 13. d3 Nd7 14. Qd2 Nb6 15. Nc3 a5 16. Re2 a4 17. Rae1 a3 18. Bc1 Qf6 19. Nd1 d4 20. Nh2 Nd5 21. Re4 Bxh2+ 22. Kxh2 Reb8 23. Qe2 Bf5 24. Re5 Nb4 25. Rxc5 Nxa2 26. Bf4 Rb5 27. Rxb5 cxb5 28. Qf3 Rc8 29. Be5 Qg6 30. Bxd4 Rxc2 31. Ne3 Qd6+ 32. Kg1 Qxd4 33. Nxc2 Qxd3 34. Qxd3 Bxd3 35. Nxa3 b4 36. Nc4 Bf5 37. Re8+ Kh7 38. Rb8 Kg6 39. f4 Bd3 40. Kf2 Bc2 41. Nd2 Kf5 42. Ke3 Nc1 43. Rb6 Nxb3 44. g4# 1-0


[Site "https://www.chess.com"]

[Event "Titled Tuesday Blitz July 13 2021"]
[White "Golubev, Mikhail"]
[Black "Shukhman, Anna"]
[WhiteFideId "14100983"]
[BlackFideId "54180058"]
[WhiteElo "2374"]
[BlackElo "1628"]
[Result "1-0"]
[Round "11"]
[TimeControl "180+1"]
[Date "2021.07.13"]
[WhiteClock "0:02:44"]
[BlackClock "0:02:22"]

1. e4 c5 2. Nf3 e6 3. d4 cxd4 4. Nxd4 Nf6 5. Nc3 Nc6 6. Ndb5 d6 7. Bf4 e5 8. Bg5 a6 9. Na3 b5 10. Bxf6 gxf6 11. Nd5 Be6 12. c3 f5 13. exf5 Bxf5 14. Nc2 Be6 15. Nce3 Ne7 16. Nf6# 1-0


[Site "https://www.chess.com"]

[Event "Titled Tuesday Blitz July 13 2021"]
[White "Gontcharov, Vladislav"]
[Black "Ogloblin, Nikolay"]
[WhiteFideId "4123492"]
[BlackFideId "4139658"]
[WhiteElo "2503"]
[BlackElo "2244"]
[Result "1/2-1/2"]
[Round "11"]
[TimeControl "180+1"]
[Date "2021.07.13"]
[WhiteClock "0:00:05"]
[BlackClock "0:00:15"]

1. d4 Nf6 2. c4 e6 3. Nf3 Bb4+ 4. Nbd2 b6 5. a3 Bxd2+ 6. Nxd2 Bb7 7. Qc2 c5 8. dxc5 bxc5 9. b4 Nc6 10. b5 Nd4 11. Qd3 O-O 12. e3 Nf5 13. Bb2 d5 14. cxd5 Qxd5 15. e4 Nxe4 16. Nxe4 Qxe4+ 17. Qxe4 Bxe4 18. Rc1 Rfc8 19. f3 Bd5 20. Bd3 Nd4 21. Kf2 e5 22. Rhe1 f6 23. f4 exf4 24. Bc4 Bxc4 25. Rxc4 Nxb5 26. Re7 Nd4 27. Bxd4 cxd4 28. Rxd4 Re8 29. Rdd7 Rxe7 30. Rxe7 a5 31. a4 Rc8 32. Ra7 Rc5 33. Kf3 g5 34. Kg4 Rc2 35. Kf3 h5 36. Rxa5 Kf7 37. h4 Rc3+ 38. Kf2 Kg6 39. Ra8 Ra3 40. a5 Kf5 41. a6 Kg4 42. hxg5 fxg5 43. a7 Ra2+ 44. Kf1 h4 45. Ke1 h3 46. gxh3+ Kf3 47. Rg8 Rxa7 48. Rxg5 Ra1+ 49. Kd2 Rh1 50. Rh5 Kg3 51. Rg5+ Kf2 52. Rh5 f3 53. Rh8 Kg3 54. Rg8+ Kf2 55. Rh8 Rh2 56. h4 Kg1+ 57. Ke3 f2 58. Rg8+ Rg2 59. Rf8 f1=Q 60. Rxf1+ Kxf1 61. Kf3 Kg1 62. Kf4 Kf2 63. h5 Rh2 64. Kg5 Kg3 65. h6 Ra2 66. h7 Ra5+ 67. Kg6 Ra6+ 68. Kg7 Ra7+ 69. Kg6 Ra8 70. Kg7 Kg4 71. h8=Q Rxh8 72. Kxh8 1/2-1/2


[Site "https://www.chess.com"]

[Event "Titled Tuesday Blitz July 13 2021"]
[White "Gurevich, Dmitry"]
[Black "Solon, Nathan"]
[WhiteFideId "2000407"]
[BlackFideId "2017229"]
[WhiteElo "2506"]
[BlackElo "2640"]
[Result "0-1"]
[Round "11"]
[TimeControl "180+1"]
[Date "2021.07.13"]
[WhiteClock "0:01:22"]
[BlackClock "0:00:07"]

1. d4 Nf6 2. c4 e6 3. Nc3 Bb4 4. e3 O-O 5. Ne2 c6 6. a3 Ba5 7. g3 d5 8. c5 Nbd7 9. f4 Bc7 10. Bg2 b6 11. b4 a5 12. Bb2 Ba6 13. O-O Bc4 14. Re1 Qb8 15. Rb1 axb4 16. axb4 Qb7 17. e4 dxe4 18. Nxe4 Nxe4 19. Bxe4 Bd5 20. Bxd5 cxd5 21. Qc2 bxc5 22. Qc3 c4 23. f5 exf5 24. Qf3 g6 25. Bc1 Rfe8 26. Bh6 Nf6 27. Nf4 Bb6 28. h3 Bxd4+ 29. Kh1 Ne4 30. g4 fxg4 31. hxg4 Ra2 32. Rbd1 Be5 33. Nxd5 Qa7 34. Rxe4 Rh2# 0-1


[Site "https://www.chess.com"]

[Event "Titled Tuesday Blitz July 13 2021"]
[White "Hamley, Ryan"]
[Black "Amburgy, Ryan"]
[WhiteFideId "30959497"]
[BlackFideId "30924820"]
[WhiteElo "2405"]
[BlackElo "2066"]
[Result "0-1"]
[Round "11"]
[TimeControl "180+1"]
[Date "2021.07.13"]
[WhiteClock "0:00:06"]
[BlackClock "0:00:06"]

1. e4 c6 2. d4 d5 3. exd5 cxd5 4. Bd3 Nf6 5. h3 Nc6 6. c3 g6 7. Nf3 Bf5 8. O-O Bxd3 9. Qxd3 Bg7 10. Bf4 O-O 11. Nbd2 a6 12. a4 Rc8 13. Rfe1 Re8 14. Rac1 Na5 15. Ne5 Nd7 16. Ndf3 Nxe5 17. Bxe5 Nc4 18. b3 Nxe5 19. Nxe5 e6 20. c4 dxc4 21. bxc4 Bxe5 22. Rxe5 Qd7 23. a5 Red8 24. Rd1 Qa4 25. Rc1 Rd7 26. d5 Rcd8 27. Qe2 exd5 28. Re8+ Rxe8 29. Qxe8+ Kg7 30. cxd5 h5 31. Rc8 Kf6 32. Qh8+ Kf5 33. Rc5 Qd1+ 34. Kh2 Rxd5 35. Qc8+ Kf6 36. Rc7 Qd4 37. Rc2 Qf4+ 38. g3 Qf5 39. Re2 Qxc8 0-1


[Site "https://www.chess.com"]

[Event "Titled Tuesday Blitz July 13 2021"]
[White "Holt, Conrad"]
[Black "Howell, David W L"]
[WhiteFideId "2034387"]
[BlackFideId "410608"]
[WhiteElo "2586"]
[BlackElo "2643"]
[Result "0-1"]
[Round "11"]
[TimeControl "180+1"]
[Date "2021.07.13"]
[WhiteClock "0:00:02"]
[BlackClock "0:00:09"]

1. d4 d5 2. c4 e6 3. Nc3 a6 4. cxd5 exd5 5. Bf4 c6 6. e3 Bd6 7. Bg3 Nf6 8. Bd3 O-O 9. Nf3 Re8 10. Qc2 a5 11. Ne5 Na6 12. a3 Nc7 13. Bh4 Bxe5 14. dxe5 Rxe5 15. Bxh7+ Kh8 16. Bd3 Rh5 17. Bg3 Ne6 18. Be2 Rh6 19. Rd1 Qe7 20. e4 dxe4 21. Bd6 Qe8 22. Nxe4 Nxe4 23. Qxe4 Bd7 24. O-O Ng5 25. Qxe8+ Rxe8 26. Bc4 Be6 27. Rfe1 Rd8 28. Bf1 Bd5 29. Bg3 a4 30. Rd4 b5 31. h4 Ne6 32. Rd2 Kg8 33. Re5 Nc5 34. Bxb5 f6 35. Rf5 g6 36. Bxc6 gxf5 37. Rxd5 Rxd5 38. Bxd5+ Kg7 39. Bd6 Nd3 40. g3 Nxb2 41. Bc6 Rh8 42. Kg2 Rc8 43. Bb7 Rc2 44. Kf3 Nd1 45. g4 Rxf2+ 46. Kg3 fxg4 47. Kxg4 Ne3+ 48. Kg3 Rb2 49. Be4 Rb3 50. Kf4 Nc4 51. Bc5 Nxa3 52. Bd5 Rd3 53. Ke4 Rh3 54. Kd4 Rxh4+ 55. Kd3 Nb5 56. Bc4 a3 0-1


[Site "https://www.chess.com"]

[Event "Titled Tuesday Blitz July 13 2021"]
[White "Horak, Martin"]
[Black "Xie, Bryan"]
[WhiteFideId "367095"]
[BlackFideId "30941296"]
[WhiteElo "1997"]
[BlackElo "1899"]
[Result "1-0"]
[Round "11"]
[TimeControl "180+1"]
[Date "2021.07.13"]
[WhiteClock "0:00:18"]
[BlackClock "0:00:05"]

1. e4 c5 2. Nf3 Nc6 3. d4 cxd4 4. Nxd4 e6 5. Nc3 Qc7 6. Nxc6 bxc6 7. Bd3 Nf6 8. O-O d5 9. Qe2 Be7 10. Re1 d4 11. Nd1 e5 12. b3 O-O 13. Nb2 Bb4 14. Bd2 Bxd2 15. Qxd2 Be6 16. c3 c5 17. cxd4 cxd4 18. Rac1 Qb7 19. f4 exf4 20. Qxf4 Rac8 21. e5 Nd5 22. Qxd4 Rfd8 23. Nc4 Nb4 24. Nd6 Rxc1 25. Rxc1 Qa8 26. Qxb4 Bd5 27. Be4 Bxe4 28. Qxe4 Qb8 29. Qb7 Qxb7 30. Nxb7 Rb8 31. Nd6 1-0


[Site "https://www.chess.com"]

[Event "Titled Tuesday Blitz July 13 2021"]
[White "Hryshchenko, Kamila"]
[Black "McDonald, Mike"]
[WhiteFideId "14147491"]
[BlackFideId "2635682"]
[WhiteElo "1966"]
[BlackElo "2448"]
[Result "1-0"]
[Round "11"]
[TimeControl "180+1"]
[Date "2021.07.13"]
[WhiteClock "0:02:14"]
[BlackClock "0:01:39"]

1. e4 d6 2. d4 Nf6 3. Nc3 g6 4. Nf3 Bg7 5. Be3 c6 6. Qd2 Nbd7 7. Bh6 Bxh6 8. Qxh6 b5 9. e5 dxe5 10. dxe5 Nd5 11. Qg7 Rf8 12. Nxd5 cxd5 13. Ng5 Qa5+ 14. Kd1 Qb4 15. Nxh7 Qxb2 16. Rc1 Qd4+ 17. Bd3 Qxf2 18. Rf1 Qxg2 19. Nxf8 Qg4+ 20. Ke1 Qh4+ 21. Rf2 Qg5 22. Qxf7+ Kd8 23. Ne6# 1-0


[Site "https://www.chess.com"]

[Event "Titled Tuesday Blitz July 13 2021"]
[White "Ibrahimli, Murad"]
[Black "Borsuk, Konstantin"]
[WhiteFideId "13410229"]
[BlackFideId "14113406"]
[WhiteElo "2109"]
[BlackElo "2363"]
[Result "0-1"]
[Round "11"]
[TimeControl "180+1"]
[Date "2021.07.13"]
[WhiteClock "0:00:22"]
[BlackClock "0:00:30"]

1. e4 e6 2. d4 d5 3. Nc3 Bb4 4. Ne2 Nc6 5. a3 Ba5 6. exd5 exd5 7. Bf4 Nge7 8. Qd2 O-O 9. O-O-O b5 10. h4 b4 11. axb4 Bxb4 12. h5 Na5 13. h6 g6 14. Ng3 c6 15. Be5 f6 16. Bf4 Nc4 17. Bxc4 dxc4 18. Qe3 a5 19. Nge4 a4 20. Na2 Nd5 21. Qf3 Be7 22. Nc5 a3 23. b3 cxb3 24. cxb3 Qb6 25. Bd2 Bxc5 26. dxc5 Qxc5+ 27. Kb1 Bf5+ 28. Ka1 Qc2 29. Bc1 Qb1# 0-1


[Site "https://www.chess.com"]

[Event "Titled Tuesday Blitz July 13 2021"]
[White "Iskusnyh, Sergei"]
[Black "Kotepalli, Sai Nirupama"]
[WhiteFideId "4120027"]
[BlackFideId "5039444"]
[WhiteElo "2492"]
[BlackElo "2461"]
[Result "1-0"]
[Round "11"]
[TimeControl "180+1"]
[Date "2021.07.13"]
[WhiteClock "0:00:38"]
[BlackClock "0:00:11"]

1. d4 g6 2. Nf3 Bg7 3. c4 e6 4. g3 Ne7 5. Bg2 O-O 6. Nc3 d5 7. O-O c5 8. cxd5 Nxd5 9. Bg5 Nxc3 10. bxc3 Qc7 11. Qb3 cxd4 12. cxd4 Nc6 13. Rfd1 e5 14. d5 Nd4 15. Nxd4 exd4 16. Rac1 Qd6 17. Bf4 Qa6 18. e4 dxe3 19. Bxe3 Bg4 20. Re1 Rac8 21. Bf1 Qd6 22. Qxb7 Rxc1 23. Rxc1 Bf3 24. Bg2 Bxg2 25. Kxg2 Rd8 26. Qc6 Bf8 27. Qxd6 Bxd6 28. Bxa7 Ra8 29. Bd4 f5 30. Rc6 Bf8 31. d6 Rxa2 32. Rc8 Rd2 33. d7 Rxd4 34. d8=Q Rxd8 35. Rxd8 Kf7 36. Rd7+ Be7 37. h3 h6 38. g4 fxg4 39. hxg4 h5 40. gxh5 gxh5 41. Rb7 Ke6 42. Rb5 h4 43. Kh3 Bd8 44. Kg4 Be7 45. Rh5 Kf7 46. Rxh4 Bxh4 47. Kxh4 Kf6 48. Kg4 Kg6 49. Kf4 Kf6 50. f3 Kf7 51. Kf5 Kg7 52. Ke6 Kg6 53. f4 Kg7 54. f5 Kf8 55. Kf6 1-0


[Site "https://www.chess.com"]

[Event "Titled Tuesday Blitz July 13 2021"]
[White "Jodorcovsky Werjivker, Paulo"]
[Black "Sadovsky, Artem"]
[WhiteFideId "3700305"]
[BlackFideId "4155840"]
[WhiteElo "2142"]
[BlackElo "2442"]
[Result "0-1"]
[Round "11"]
[TimeControl "180+1"]
[Date "2021.07.13"]
[WhiteClock "0:00:15"]
[BlackClock "0:01:19"]

1. e4 d5 2. exd5 Nf6 3. Nf3 Nxd5 4. d4 Bg4 5. Be2 e6 6. O-O Bd6 7. c4 Nf4 8. Bxf4 Bxf4 9. Nc3 c6 10. h3 Bh5 11. Ne4 O-O 12. b4 Nd7 13. Nfd2 Bg6 14. Bf3 Nf6 15. Nxf6+ Qxf6 16. Ne4 Bxe4 17. Bxe4 Rfd8 18. Qh5 g6 19. Qf3 Rxd4 20. Rad1 Rad8 21. Rxd4 Rxd4 22. Rd1 Bh2+ 23. Kxh2 Qe5+ 24. Qg3 Qxg3+ 0-1


[Site "https://www.chess.com"]

[Event "Titled Tuesday Blitz July 13 2021"]
[White "Kanyamarala, Tarun"]
[Black "harlem4brew"]
[WhiteFideId "45004714"]
[WhiteElo "2086"]
[BlackElo "2429"]
[Result "0-1"]
[Round "11"]
[TimeControl "180+1"]
[Date "2021.07.13"]
[WhiteClock "0:00:10"]
[BlackClock "0:01:34"]

1. e4 c5 2. Nc3 d6 3. Nge2 g6 4. g3 Bg7 5. Bg2 Nc6 6. O-O Bf6 7. d3 h5 8. Nd5 Bg7 9. Bg5 Bxb2 10. c3 Bxa1 11. Qxa1 f6 12. Bd2 e6 13. Ndf4 Nge7 14. d4 cxd4 15. cxd4 g5 16. Nd3 d5 17. Nc3 Nxd4 18. exd5 e5 19. d6 Qxd6 20. Re1 Nc2 21. Ne4 Qxd3 22. Nxf6+ Kf7 23. Qxe5 Nxe1 24. Bxe1 Qf5 25. Qc7 Qxf6 26. Bc3 Qe6 27. Bf1 Qc6 28. Qe5 Bf5 29. Qg7+ Ke6 30. Qe5+ Kd7 31. Bb5 Rac8 32. Bxc6+ bxc6 33. Qa5 Rhe8 34. Qxa7+ Rc7 35. Qd4+ Nd5 36. Qg7+ Kc8 37. Qxg5 Bg4 38. f3 Bd7 39. Bd2 Ra7 40. Qxh5 Rxa2 41. Qh6 Re2 42. Qh8+ Kb7 43. Bf4 Re1# 0-1


[Site "https://www.chess.com"]

[Event "Titled Tuesday Blitz July 13 2021"]
[White "Kavyev, Ruslan"]
[Black "deribas12345"]
[WhiteFideId "34110981"]
[WhiteElo "2172"]
[BlackElo "2520"]
[Result "1-0"]
[Round "11"]
[TimeControl "180+1"]
[Date "2021.07.13"]
[WhiteClock "0:00:06"]
[BlackClock "0:00:01"]

1. d4 Nf6 2. c4 d6 3. Nf3 Bf5 4. Nc3 c6 5. g3 h6 6. Bg2 Nbd7 7. O-O e5 8. Nh4 Bh7 9. e4 Be7 10. Re1 exd4 11. Qxd4 c5 12. Qd1 Ne5 13. b3 O-O 14. f4 Nc6 15. Be3 Re8 16. Nf5 Bf8 17. Qc2 Bxf5 18. exf5 Ng4 19. Nd5 Nxe3 20. Rxe3 Rxe3 21. Nxe3 Nd4 22. Qf2 Qf6 23. Re1 Nxf5 24. Bxb7 Rb8 25. Bd5 Nxe3 26. Rxe3 g6 27. Qe2 Qf5 28. Kg2 h5 29. h4 Kg7 30. Be4 Qg4 31. f5 Qxe2+ 32. Rxe2 Re8 33. fxg6 fxg6 34. Kf3 Re5 35. Rd2 Be7 36. Rh2 Kf6 37. Kf4 Bf8 38. g4 hxg4 39. Bd5 Bh6+ 40. Kxg4 Rf5 41. Re2 Rf4+ 42. Kg3 Rd4 43. Re6+ Kf5 44. Kf3 Bf4 45. Re8 Rd3+ 46. Ke2 Rd2+ 47. Kf3 Rd3+ 48. Ke2 Rg3 49. Be4+ Kf6 50. Rf8+ Ke5 51. Re8+ Kd4 52. Bf3 Be5 53. Kf2 Rh3 54. Rg8 Rh2+ 55. Bg2 Rxh4 56. Rxg6 Rf4+ 57. Bf3 Rh4 58. Bg2 Kc3 59. Rg8 Rf4+ 60. Ke3 Rf7 61. Ra8 Kb2 62. Bd5 Rg7 63. a4 Kxb3 64. a5 Kc3 65. a6 Rg3+ 66. Ke4 Rg4+ 67. Kf5 Rf4+ 68. Ke6 Rf6+ 69. Ke7 Rh6 70. Rxa7 Rh7+ 71. Bf7 Bg3 72. Rb7 d5 73. cxd5 Kd4 74. a7 Rh8 75. Be8 Rh7+ 76. Bf7 Rh8 77. d6 c4 78. d7 c3 79. Be8 c2 80. a8=Q Bh4+ 81. Ke6 Rh6+ 82. Kf5 Rf6+ 83. Kg4 Rf4+ 84. Kh5 Rf5+ 85. Kg6 c1=Q 86. Qa4+ Ke3 87. Rb3+ Kf2 88. Qd4+ Kg2 89. Qe4+ Kh2 90. Qxf5 1-0


[Site "https://www.chess.com"]

[Event "Titled Tuesday Blitz July 13 2021"]
[White "Kim, Sergey"]
[Black "Pinto, Daniel"]
[WhiteFideId "13700570"]
[BlackFideId "3303144"]
[WhiteElo "2474"]
[BlackElo "1936"]
[Result "1-0"]
[Round "11"]
[TimeControl "180+1"]
[Date "2021.07.13"]
[WhiteClock "0:01:29"]
[BlackClock "0:00:03"]

1. d4 Nf6 2. c4 g6 3. Nc3 c5 4. d5 d6 5. e4 Bg7 6. Nge2 O-O 7. Ng3 e6 8. Be2 exd5 9. cxd5 a6 10. a4 Re8 11. O-O Nbd7 12. Bf4 Ne5 13. Qd2 Rb8 14. Bh6 Qc7 15. Bxg7 Kxg7 16. h3 h6 17. f4 Ned7 18. e5 dxe5 19. d6 Qc6 20. f5 e4 21. fxg6 fxg6 22. Qf4 Rf8 23. Bg4 Nxg4 24. Qxg4 Nf6 25. Qf4 Be6 26. Qe5 Rbe8 27. Rxf6 Bb3 28. Re6+ Kg8 29. Re7 Bf7 30. Ncxe4 Rxe7 1-0


[Site "https://www.chess.com"]

[Event "Titled Tuesday Blitz July 13 2021"]
[White "Koelle, Tobias"]
[Black "Damjanovic, Vladimir"]
[WhiteFideId "16207378"]
[BlackFideId "903795"]
[WhiteElo "2364"]
[BlackElo "2374"]
[Result "1-0"]
[Round "11"]
[TimeControl "180+1"]
[Date "2021.07.13"]
[WhiteClock "0:01:13"]
[BlackClock "0:00:02"]

1. c4 Nf6 2. Nc3 e6 3. e4 e5 4. Nf3 Nc6 5. Be2 Bb4 6. O-O Bxc3 7. dxc3 Nxe4 8. Nxe5 Nxe5 9. Qd4 O-O 10. Qxe4 d6 11. Qc2 Qf6 12. Be3 Bg4 13. Bd4 Bxe2 14. Qxe2 Rfe8 15. f4 Nd7 16. Qxe8+ Rxe8 17. Bxf6 Nxf6 18. Rae1 Rc8 19. h3 h5 20. Kf2 Kf8 21. Kf3 h4 22. f5 Rd8 23. Kf4 Nd7 24. Kg5 Ne5 25. Rf4 Nd3 26. Ree4 Nxf4 27. Rxf4 Re8 28. f6 Re5+ 29. Kg4 gxf6 30. Kxh4 Re2 31. g4 Kg7 32. c5 dxc5 33. Rc4 b6 34. b4 Re5 35. a4 a6 36. Kg3 Kg6 37. h4 f5 38. Kf4 Kf6 39. g5+ Ke6 40. h5 Kd5 41. bxc5 Re1 42. Rd4+ Kxc5 43. h6 Rf1+ 44. Ke5 Rg1 45. Kf6 f4 46. Rxf4 Rh1 47. Kg7 b5 48. axb5 axb5 49. h7 Rh5 50. Rf5+ 1-0


[Site "https://www.chess.com"]

[Event "Titled Tuesday Blitz July 13 2021"]
[White "Koridze, Lile"]
[Black "Najdin, Danil"]
[WhiteFideId "13612514"]
[BlackFideId "4172426"]
[WhiteElo "1978"]
[BlackElo "2193"]
[Result "1-0"]
[Round "11"]
[TimeControl "180+1"]
[Date "2021.07.13"]
[WhiteClock "0:00:23"]
[BlackClock "0:00:03"]

1. d4 Nf6 2. c4 g6 3. Nc3 Bg7 4. e4 d6 5. Nf3 O-O 6. Be2 e5 7. O-O Nc6 8. Be3 Ng4 9. Bg5 f6 10. Bc1 h5 11. h3 Nh6 12. Be3 f5 13. Bg5 Qe8 14. dxe5 fxe4 15. Nxe4 Nxe5 16. Qd2 Nf5 17. Nxe5 Bxe5 18. c5 Nd4 19. Bc4+ Be6 20. Bxe6+ Qxe6 21. cxd6 cxd6 22. f4 Bg7 23. Rae1 Qxa2 24. Nxd6 Qd5 25. Ne4 Rae8 26. Qd3 Qb3 27. Nf6+ Rxf6 28. Rxe8+ Rf8 29. Rxf8+ Kxf8 30. Qxg6 Qxb2 31. Be7+ Kxe7 32. Qxg7+ Kd6 33. Rd1 Kd5 34. Qe5+ Kc4 35. Qe4 a5 36. f5 a4 37. f6 a3 38. f7 Qb4 39. Rxd4+ 1-0


[Site "https://www.chess.com"]

[Event "Titled Tuesday Blitz July 13 2021"]
[White "Kretov, Evgenij"]
[Black "Arabidze, Meri"]
[WhiteFideId "4167821"]
[BlackFideId "13604040"]
[WhiteElo "2400"]
[BlackElo "2432"]
[Result "1-0"]
[Round "11"]
[TimeControl "180+1"]
[Date "2021.07.13"]
[WhiteClock "0:00:22"]
[BlackClock "0:00:02"]

1. d4 d5 2. c4 e6 3. Nc3 Nf6 4. cxd5 exd5 5. Bg5 Be7 6. e3 c6 7. Bd3 Nbd7 8. Qc2 Nf8 9. Nf3 Ne6 10. Bh4 g6 11. O-O O-O 12. Rab1 Ng7 13. b4 a6 14. a4 Bf5 15. b5 axb5 16. axb5 Bxd3 17. Qxd3 Nf5 18. Bxf6 Bxf6 19. bxc6 bxc6 20. Ra1 Nd6 21. Na4 Ra5 22. Nc5 Rxc5 23. dxc5 Bxa1 24. Rxa1 Ne4 25. Nd4 Nxc5 26. Qc2 Qd6 27. Rc1 Ra8 28. g3 Ne4 29. Nxc6 h5 30. Nd4 h4 31. Kg2 Qd7 32. Qe2 h3+ 33. Kg1 Qa7 34. Qf1 Qd7 35. Qe2 Ra3 36. Qb2 Ra8 37. Qb3 Rc8 38. Ra1 Qd6 39. Qb2 Qf6 40. f3 Ng5 41. Rf1 Re8 42. Qd2 Qe7 43. Kf2 Ne6 44. Rd1 Nxd4 45. Qxd4 Ra8 46. Qxd5 Ra3 47. Qd4 Ra2+ 48. Rd2 Rxd2+ 49. Qxd2 Qa3 50. g4 Qa8 51. Kg3 Kh7 52. Qf2 Qb8+ 53. Kxh3 f5 54. gxf5 gxf5 55. Qh4+ Kg6 56. Qg3+ Qxg3+ 57. Kxg3 Kg5 58. h4+ Kh5 59. Kf4 1-0


[Site "https://www.chess.com"]

[Event "Titled Tuesday Blitz July 13 2021"]
[White "Krivonosov, Oleg"]
[Black "Odegov, Artem"]
[WhiteFideId "11600349"]
[BlackFideId "34183644"]
[WhiteElo "2469"]
[BlackElo "2288"]
[Result "1-0"]
[Round "11"]
[TimeControl "180+1"]
[Date "2021.07.13"]
[WhiteClock "0:00:11"]
[BlackClock "0:00:13"]

1. Nf3 Nf6 2. c4 g6 3. Nc3 Bg7 4. e4 d6 5. d4 O-O 6. Be2 e5 7. dxe5 dxe5 8. Qxd8 Rxd8 9. Bg5 Re8 10. Nd5 Nxd5 11. cxd5 c6 12. Bc4 cxd5 13. Bxd5 Na6 14. O-O-O Nc7 15. Bb3 Be6 16. Bxe6 Nxe6 17. Be3 Rac8+ 18. Kb1 a6 19. Rd7 Rc7 20. Rhd1 Rec8 21. Rxc7 Rxc7 22. Ng5 Nd4 23. Nf3 Ne6 24. Rd5 f6 25. Nd2 Kf7 26. Nb3 f5 27. f3 Bf6 28. Nc5 Nxc5 29. Bxc5 Bg5 30. a4 Bf6 31. g4 fxe4 32. fxe4 Ke6 33. Rd6+ Kf7 34. Rd5 Ke6 35. h3 Rc6 36. Ka2 Bg5 37. Kb3 Bf4 38. a5 Bg5 39. Kc4 Be7 40. b4 Bf8 41. Rd8 Be7 42. Rh8 Bxc5 43. bxc5 Rc7 44. Re8+ Kf6 45. h4 h6 46. Rf8+ Ke6 47. Rh8 Kf6 48. Rxh6 Kg7 49. g5 Rd7 50. h5 Rd4+ 51. Kc3 gxh5 52. Rxh5 Rxe4 53. Rh6 Re3+ 54. Kc4 Rg3 55. Rb6 e4 56. Rxb7+ Kg6 57. c6 Kxg5 58. c7 Rg1 59. Rb3 Rc1+ 60. Rc3 e3 61. c8=Q Rxc3+ 62. Kxc3 e2 63. Kd2 e1=Q+ 64. Kxe1 Kh4 65. Qc6 Kg3 66. Qxa6 Kh3 67. Qb6 Kh2 68. a6 Kg3 69. a7 Kh2 70. a8=Q Kg3 71. Qe3+ Kh2 72. Qa2+ Kh1 73. Qf3+ Kg1 74. Qag2# 1-0


[Site "https://www.chess.com"]